 Dungeon Crawl Stone Soup version 0.16-a0-51-g3cd7026 (webtiles) character file.

6223 PolkaDot the Bewitcher (level 10, -4/63 HPs)
             Began as a Vampire Enchanter on Aug 6, 2014.
             Was a Priest of Sif Muna.
             Slain by a wraith (13 damage)
             ... on Level 9 of the Dungeon.
             The game lasted 00:52:23 (12756 turns).

PolkaDot the Bewitcher (Vampire Enchanter)         Turns: 12756, Time: 00:52:23

HP  -4/63        AC  7     Str  7      XL: 10   Next: 61%
MP  13/16        EV 12     Int 20      God: Sif Muna [***...]
Gold 991         SH  0     Dex 14      Spells:  6 memorised,  0 levels left

rFire  + + .     SeeInvis +     w - +2 dagger (venom) (curse)
rCold  + + .     Clarity  .     n - +2 robe {rF+} (curse)
rNeg   + + +     rCorr    .     (no shield)
rPois  +         rRot     +     u - +0 helmet (curse)
rElec  .         Spirit   .     p - +1 cloak
SustAb +         Warding  .     (no gloves)
rMut   .         Stasis   .     (no boots)
Gourm  .                        g - amulet of faith
MR     +....                    t - cursed ring of sustain abilities
                                o - ring of protection from fire

@: bloodless, non-regenerating, somewhat resistant to hostile enchantments,
extremely stealthy
A: bottle blood, fangs 3, see invisible, unbreathing
a: Bat Form, Bottle Blood, Channel Energy, Forget Spell, Renounce Religion


You were on level 9 of the Dungeon.
You worshipped Sif Muna.
Sif Muna was most pleased with you.
You were bloodless.

You visited 2 branches of the dungeon, and saw 10 of its levels.
You also visited: Bailey.

You collected 991 gold pieces.

Inventory:

Hand weapons
 w - a cursed +2 dagger of venom (weapon)
Armour
 n - a cursed +2 robe of fire resistance (worn)
 p - a +1 cloak (worn)
 u - a cursed +0 helmet (worn)
Magical devices
 l - a wand of cold (3)
 q - a wand of slowing (7) {unknown}
 D - a wand of disintegration (18) {unknown}
Comestibles
 E - 5 bread rations
Scrolls
 a - a scroll of noise {unknown}
 d - a scroll of vulnerability
 h - 5 scrolls of remove curse
 j - 3 scrolls of teleportation
 m - 4 scrolls of enchant weapon
 x - a scroll of magic mapping
 y - 2 scrolls of fear
 A - 3 scrolls of recharging
 B - a scroll of amnesia
 G - a scroll of immolation
 H - a scroll of fog {unknown}
Jewellery
 g - an amulet of faith (around neck)
 o - a ring of protection from fire (left hand)
 t - a cursed ring of sustain abilities (right hand)
Potions
 b - 3 potions of restore abilities
 e - a potion of heal wounds
 f - a potion of might
 i - 8 potions of curing
 k - 4 potions of agility
 r - a potion of haste {unknown}
 s - a potion of berserk rage {unknown}
 v - a potion of cancellation {unknown}
 z - 2 potions of brilliance {unknown}
 C - a potion of magic {unknown}
 F - 5 potions of flight
 I - a potion of lignification {unknown}
Books
 c - a book of Maledictions

   Spells                             Type                      Level
   *Corona                            Hexes                        1
   *Sure Blade                        Hexes/Charms                 2
   *Ensorcelled Hibernation           Hexes/Ice                    2
   *Confuse                           Hexes                        3
   Dazzling Spray                     Conjuration/Hexes            3
   *Enslavement                       Hexes                        4


   Skills:
 + Level 9.3 Short Blades
 - Level 2.1 Dodging
 + Level 12.7 Stealth
 - Level 2.0 Spellcasting
 * Level 15.3 Hexes
 - Level 1.0 Ice Magic


You couldn't memorise any spells.
You knew the following spells:

 Your Spells              Type           Power        Failure   Level  Hunger
a - Corona                Hex            ######.      1%          1    #......
b - Sure Blade            Hex/Chrm       ####......   1%          2    ##.....
c - Confuse               Hex            ######..     1%          3    ###....
d - Ensorcelled Hibernat  Hex/Ice        ####..       1%          2    ##.....
e - Enslavement           Hex            ######..     1%          4    #####..
A - Apportation           Tloc           #.........   17%         1    #......


Dungeon Overview and Level Annotations

Branches:
Dungeon (9/15)             Temple (1/1) D:7             Orc (0/4) D:9
   Lair (0/8) D:9

Altars:
Ashenzari
Cheibriados
Dithmenos
Elyvilon
Fedhas
Gozag
Kikubaaqudgha
Makhleb
Nemelex Xobeh
Okawaru
Qazlal
Sif Muna
Trog
Vehumet
Xom
Yredelemnul
Zin
The Shining One

Shops:
D:4 =


Innate Abilities, Weirdness & Mutations

You do not heal naturally.
You can bottle blood from corpses.
You have razor-sharp teeth.
You have supernaturally acute eyesight.
You can survive without breathing.


Message History

* * * LOW HITPOINT WARNING * * *
Casting: Confuse
Confirm with . or Enter, or press ? or * to list all spells.
Aiming: Confuse
Press: ? - help, Shift-Dir - straight line, f - wraith
Aim: a wraith The wraith appears confused.
The wraith hits you!
* * * LOW HITPOINT WARNING * * *
You hit the wraith.
The wraith is lightly damaged.
You hit the wraith.
The wraith is lightly damaged.
The wraith hits you.
* * * LOW HITPOINT WARNING * * *
You hit the wraith but do no damage.
The wraith is lightly damaged.
You hit the wraith but do no damage. You bite the wraith, but do no damage.
The wraith is lightly damaged.
The wraith hits you!
You die...

##.....##..........####.#.# #..
###...###..........#%...#.#####..
.....####.#####'###..#.......#...
####................###.#......#.
####.################ #.######.#.
.....8##.#.#.#.#.#,* #.# #.#.
####.###'#'#'#'#'#+#**#.# #.#.
......'............#,,#.# #.##
########'#'#'#'#@#+#,,..# #.# *
*#.#_#.#.#W# *,### #.#
***###########**,,* #.# *,**
*************#.# ,,,,,,,,
,,,,,,,,,,* *,**** ***** **** *,*
*** ***


You could see a wraith (confused).

Vanquished Creatures
  Grinder (D:5)
  Prince Ribbit (D:8)
  A two-headed ogre (D:9)
  A spriggan (D:8)
  A wraith (D:9)
  2 hippogriffs
  A wyvern (D:9)
  6 yaks (D:9)
  A hungry ghost (D:7)
  Edmund (D:6)
  Menkaure (D:4)
  5 orc warriors
  A gnoll sergeant (D:9)
  A water moccasin (D:8)
  2 sky beasts
  2 centaurs
  2 ogres
  2 phantoms
  Sigmund (D:3)
  2 elf zombies (D:9)
  2 giant frogs
  A yak zombie (D:8)
  A scorpion (D:5)
  A troll zombie (D:9)
  10 killer bees (D:8)
  A crimson imp (D:9)
  An electric eel (D:6)
  A quasit (D:8)
  2 goliath beetles (D:9)
  A jelly (D:6)
  4 hounds
  Crazy Yiuf (D:2)
  3 human zombies (D:9)
  A gnoll shaman (D:5)
  6 orc wizards
  Natasha (thrice) (D:3)
  3 iguanas
  2 sheep (D:9)
  4 worker ants
  Ijyb (D:3)
  Jessica (D:2)
  A hound zombie (D:5)
  3 mummies (D:9)
  8 gnolls
  11 adders
  2 giant mites
  An inept feature mimic (D:6)
  3 shadow imps (D:5)
  A worm (D:2)
  An adder skeleton (D:4)
  6 giant geckos
  4 oozes
  19 orcs
  A ball python (D:2)
  16 bats
  14 hobgoblins
  29 kobolds
  4 quokkas
  6 giant cockroaches
  8 giant newts
  11 goblins
  A hobgoblin zombie (D:7)
  10 jackals
  A jackal zombie (D:8)
  A kobold skeleton (D:4)
  A kobold zombie (D:6)
  5 orc zombies
  A quokka zombie (D:5)
  14 rats
  A rat zombie (D:5)
  6 ballistomycetes (D:6)
  A fungus (D:2)
  A plant (D:1)
277 creatures vanquished.

Vanquished Creatures (collateral kills)
  A worker ant (D:9)
  A big kobold skeleton (D:9)
  3 gnolls (D:9)
  A shadow imp (D:9)
  A bat (D:9)
7 creatures vanquished.

Vanquished Creatures (others)
  A giant spore (D:6)
1 creature vanquished.

Grand Total: 285 creatures vanquished

Notes
Turn   | Place    | Note
--------------------------------------------------------------
     0 | D:1      | PolkaDot, the Vampire Enchanter, began the quest for the Orb.
     0 | D:1      | Reached XP level 1. HP: 13/13 MP: 3/3
   620 | D:1      | Reached XP level 2. HP: 11/19 MP: 0/4
  1644 | D:2      | Learned a level 2 spell: Ensorcelled Hibernation
  1932 | D:2      | Reached XP level 3. HP: 24/24 MP: 6/6
  2377 | D:2      | Learned a level 3 spell: Confuse
  2536 | D:2      | Noticed Jessica
  2550 | D:2      | Reached skill level 1 in Ice Magic
  2563 | D:2      | Killed Jessica
  2563 | D:2      | Reached skill level 5 in Hexes
  2782 | D:2      | Reached XP level 4. HP: 15/30 MP: 2/7
  2963 | D:2      | Reached skill level 5 in Stealth
  3435 | D:2      | Noticed Crazy Yiuf
  3440 | D:2      | Killed Crazy Yiuf
  3655 | D:3      | Noticed Natasha
  3665 | D:3      | Killed Natasha
  3665 | D:3      | Reached XP level 5. HP: 31/35 MP: 3/9
  3667 | D:3      | Reached skill level 6 in Hexes
  3724 | D:3      | Noticed Natasha
  3731 | D:3      | Killed Natasha
  3776 | D:3      | Found a glowing silver altar of Zin.
  3816 | D:3      | Noticed Natasha
  3825 | D:3      | Killed Natasha
  4323 | D:3      | Noticed Ijyb
  4329 | D:3      | Killed Ijyb
  4352 | D:3      | Found a shimmering altar of Xom.
  4354 | D:3      | Found a snail-covered altar of Cheibriados.
  4704 | D:3      | Noticed Sigmund
  4708 | D:3      | Killed Sigmund
  4708 | D:3      | Reached XP level 6. HP: 39/41 MP: 7/10
  4915 | D:3      | Reached skill level 7 in Hexes
  5087 | D:4      | Noticed Menkaure
  5222 | D:4      | Killed Menkaure
  5222 | D:4      | Reached skill level 8 in Hexes
  5512 | D:4      | Found Stawioli's Jewellery Boutique.
  5621 | D:4      | Reached XP level 7. HP: 46/46 MP: 9/12
  5900 | D:5      | Entered Level 5 of the Dungeon
  6176 | D:5      | Found a glowing golden altar of the Shining One.
  6261 | D:5      | Reached skill level 5 in Short Blades
  6273 | D:5      | Reached skill level 9 in Hexes
  6450 | D:5      | Noticed Grinder
  6457 | D:5      | Paralysed by Grinder for 7 turns
  6487 | D:5      | Paralysed by Grinder for 5 turns
  6503 | D:5      | Killed Grinder
  6503 | D:5      | Reached skill level 10 in Hexes
  6503 | D:5      | Reached XP level 8. HP: 24/52 MP: 1/13
  6739 | D:5      | Learned a level 4 spell: Enslavement
  7945 | D:7      | Found a staircase to the Ecumenical Temple.
  7949 | Temple   | Entered the Ecumenical Temple
  8170 | Temple   | Became a worshipper of Sif Muna the Loreminder
  8258 | D:7      | Reached skill level 11 in Hexes
  8508 | D:7      | Acquired Sif Muna's first power
  8820 | D:6      | Noticed Edmund
  8829 | D:6      | Killed Edmund
  8829 | D:6      | Reached skill level 10 in Stealth
  8829 | D:6      | Reached skill level 12 in Hexes
  8829 | D:6      | Reached XP level 9. HP: 50/57 MP: 9/14
  8833 | D:6      | Learned a level 2 spell: Sure Blade
  9728 | D:8      | Found a shattered altar of Ashenzari.
 10108 | D:8      | Found a white marble altar of Elyvilon.
 10419 | D:8      | Reached skill level 13 in Hexes
 10430 | D:8      | Acquired Sif Muna's second power
 10485 | D:8      | Noticed Prince Ribbit
 10490 | D:8      | Killed Prince Ribbit
 10800 | D:9      | Reached skill level 14 in Hexes
 10845 | D:9      | Reached XP level 10. HP: 61/63 MP: 9/16
 10927 | D:9      | Found a flagged portal.
 10935 | Bailey   | Entered a bailey
 10938 | Bailey   | Learned a level 1 spell: Apportation
 12098 | D:9      | Reached skill level 15 in Hexes
 12137 | D:9      | Found a staircase to the Orcish Mines.
 12314 | D:9      | Found a staircase to the Lair.
 12504 | D:9      | Found an ancient bone altar of Kikubaaqudgha.
 12756 | D:9      | Slain by a wraith

Action                   |  1- 3 |  4- 6 |  7- 9 | 10-12 || total
-------------------------+-------+-------+-------+-------++-------
Melee: Dagger            |   272 |   109 |   354 |   105 ||   840
 Cast: Corona            |     7 |       |     1 |     2 ||    10
       Ensorcelled Hiber |     6 |    37 |    83 |    37 ||   163
       Confuse           |       |     6 |     9 |    21 ||    36
       Enslavement       |       |       |     2 |     4 ||     6
 Abil: End Transformatio |       |       |       |     2 ||     2
       Bat Form          |       |       |       |     2 ||     2
Evoke: Wand              |       |       |     1 |     1 ||     2
  Use: Scroll            |       |     8 |     7 |     4 ||    19
       Potion            |       |       |     6 |       ||     6
 Stab: Sleeping          |    11 |    34 |    91 |    29 ||   165
       Confused          |       |     1 |     6 |     3 ||    10
       Distracted        |       |       |     1 |       ||     1
       Betrayed ally     |       |       |       |     1 ||     1
